 Dungeon Crawl Stone Soup version 0.19-a0-1937-g70ed36a (webtiles) character file.

506 varam the Destroyer (level 6, -21/32 HPs)
             Began as a Deep Elf Conjurer on Oct 26, 2016.
             Demolished by an ogre
             ... wielding a +0 giant club
              (22 damage)
             ... on level 4 of the Dungeon.
             The game lasted 00:10:38 (4872 turns).

varam the Destroyer (Deep Elf Conjurer)             Turns: 4872, Time: 00:10:38

Health: -21/32     AC:  7    Str:  6    XL:     6   Next: 97%
Magic:  8/12       EV: 11    Int: 21    God:
Gold:   173        SH:  0    Dex: 15    Spells: 3 memorised, 3 levels left

rFire  . . .     SeeInvis .     j - +0 dagger
rCold  . . .     Gourm    .     z - +0 mottled dragon scales
rNeg   . . .     Faith    .     (no shield)
rPois  .         Spirit   .     (no helmet)
rElec  .         Reflect  .     o - +0 cloak
rCorr  .         Harm     .     (no gloves)
MR     +....                    (no boots)
Stlth  ++........               (no amulet)
                                (no ring)
                                x - ring of protection from magic

@: no status effects
A: no striking features
a: no special abilities


You were on level 4 of the Dungeon.
You were not hungry.

You visited 1 branch of the dungeon, and saw 6 of its levels.

You collected 173 gold pieces.

Inventory:

Hand Weapons
 j - a +0 dagger (weapon)
Armour
 a - a +0 robe
 h - a +0 large shield
 o - a +0 cloak (worn)
 z - +0 mottled dragon scales (worn)
Jewellery
 x - a ring of protection from magic (left hand)
Wands
 u - a wand of confusion (26/48)
Scrolls
 k - a scroll of random uselessness {unknown}
 l - 2 scrolls of enchant armour {unknown}
 m - 7 scrolls of identify {unknown}
 n - 2 scrolls of enchant weapon {unknown}
 p - 2 scrolls of teleportation {unknown}
 q - 2 scrolls of remove curse {@r2}
 r - 2 scrolls of amnesia {unknown}
 s - a scroll of noise {unknown}
 y - a scroll of blinking {unknown}
Potions
 e - 2 potions of flight {unknown}
 g - 2 potions of curing {unknown}
 i - 2 potions of might {unknown}
 v - a potion of mutation {unknown}
 A - a potion of cancellation {unknown}
 B - a potion of cure mutation {unknown}
Books
 b - a book of Conjurations

   Spells                             Type                      Level
   a - Magic Dart                     Conjuration                  1
   b - Searing Ray                    Conjuration                  2
   c - Dazzling Spray                 Conjuration/Hexes            3
   d - Fulminant Prism                Conjuration/Hexes            4
   e - Iskenderun's Mystic Blast      Conjuration                  4
   f - Iskenderun's Battlesphere      Conjuration/Charms           5
Comestibles
 c - 4 bread rations
 d - 3 fruits
 f - a slice of pizza
 t - a beef jerky


   Skills:
 - Level 2.4 Dodging
 - Level 2.4 Stealth
 - Level 3.0 Spellcasting
 + Level 8.2 Conjurations
 + Level 5.1 Charms


You had 3 spell levels left.
You knew the following spells:

 Your Spells              Type           Power        Failure   Level  Hunger
a - Magic Dart            Conj           ####         1%          1    None
c - Searing Ray           Conj           #####.       1%          2    ##.....
e - Iskenderun's Battles  Conj/Chrm      ####....     61%         5    ######.


Dungeon Overview and Level Annotations

Branches:
Dungeon (6/15)
 Temple: D:4-7

Altars:
Nemelex Xobeh
Yredelemnul

Annotations:
D:3 Capuchin's ghost, amateur MiFi


Message History

You don't know that spell.
Casting: Magic Dart
Confirm with . or Enter, or press ? or * to list all spells.
Aiming: Searing Ray
Press: ? - help, Shift-Dir - straight line, f/p - ogre
Aim: an ogre, wielding a giant club The searing ray hits the ogre.
The ogre is lightly wounded.
The ogre hits you with a giant club!!
Ouch! That really hurt!
* * * LOW HITPOINT WARNING * * *
The searing ray hits the ogre.
The ogre is moderately wounded.
The ogre hits you with a giant club.
* * * LOW HITPOINT WARNING * * *
The searing ray hits the ogre.
The ogre is almost dead.
The ogre hits you with a giant club!!
Ouch! That really hurt!
You die...

#..# #.#####.......
#..#####.# #.#
######## #.........
#.# #.######.# #.#
#.# ##o# #.# #..# #.#
#..# #.#
##########..# #.#
.......@Oo..# ..#
##########.## ### #.#
#.# ####### #.#
..>...# #######.#
#####.#######.......#
#.....)...#######
###########


You could see an ogre and an orc.

Vanquished Creatures
  An ogre (D:4)
  A bullfrog (D:4)
  A wyvern zombie (D:3)
  2 hounds (D:4)
  Ijyb (D:2)
  A hound skeleton (D:4)
  8 adders
  3 oozes
  An adder skeleton (D:4)
  6 worms
  3 dart slugs
  A leopard gecko (D:4)
  6 orcs
  A giant cockroach (D:1)
  10 goblins
  10 hobgoblins
  6 kobolds
  A quokka (D:3)
  2 ball pythons
  9 bats
  7 frilled lizards
  3 rats
84 creatures vanquished.

Notes
Turn   | Place    | Note
-------+----------+-------------------------------------------
     0 | D:1      | varam the Deep Elf Conjurer began the quest for the Orb.
     0 | D:1      | Reached XP level 1. HP: 10/10 MP: 6/6
   363 | D:1      | Reached skill level 5 in Conjurations
   363 | D:1      | Reached XP level 2. HP: 15/15 MP: 1/8
   668 | D:1      | Learned a level 2 spell: Searing Ray
  1167 | D:1      | Reached XP level 3. HP: 19/19 MP: 4/9
  1800 | D:2      | Found a sparkling altar of Nemelex Xobeh.
  1848 | D:2      | Reached skill level 6 in Conjurations
  1971 | D:2      | Reached XP level 4. HP: 21/24 MP: 2/10
  2541 | D:2      | Noticed Ijyb
  2545 | D:2      | Killed Ijyb
  2660 | D:3      | Reached skill level 7 in Conjurations
  2660 | D:3      | Reached XP level 5. HP: 28/28 MP: 7/11
  2669 | D:3      | Learned a level 5 spell: Iskenderun's Battlesphere
  3166 | D:3      | Found a basalt altar of Yredelemnul.
  3337 | D:3      | Noticed Capuchin's ghost (amateur MiFi)
  3366 | D:3      | Found a faded altar of an unknown god.
  3500 | D:4      | Reached XP level 6. HP: 22/32 MP: 3/12
  4066 | D:5      | Entered Level 5 of the Dungeon
  4713 | D:4      | Reached skill level 8 in Conjurations
  4810 | D:4      | Reached skill level 5 in Charms
  4871 | D:4      | HP: 1/32 [ogre/giant club (3)]
  4872 | D:4      | Demolished by an ogre

Vault maps used:
D:1:      dpeg_arrival_three_bigger_balls, hangedman_abyss_or_decor_stabs
D:2:      first_bread, nemelex_xobeh_ov_fountains_minmay, uniq_iyjb
D:3:      yredelemnul_altar_generic, ecumenical_altar_2
D:5:      grunt_gozag_statues

Skill      XL: |  1  2  3  4  5  6 |
---------------+-------------------+-----
Conjurations   | 5 6 7 8 |  8.2
Charms         | 3 5 |  5.1
Dodging        | |  2.4
Stealth        | |  2.4
Spellcasting   | |  3.0

Action                   |  1- 3 |  4- 6 || total
-------------------------+-------+-------++-------
Melee: Dagger            |       |     4 ||     4
 Cast: Magic Dart        |    78 |    57 ||   135
       Searing Ray       |     3 |    25 ||    28
  Use: Scroll            |       |     1 ||     1
  Eat: Chunk             |     2 |     6 ||     8
       Meat ration       |       |     1 ||     1
Armor: Robe              |     6 |     3 ||     9
       Mottled dragon sc |       |     9 ||     9
Dodge: Dodged            |     6 |    35 ||    41
